 Dungeon Crawl Stone Soup version 0.28-a0-664-gc179e30c89 (webtiles) character file.

Game seed: 368265173376740893

133 siradein the Covered (level 5, 0/33 HPs)
             Began as a Gargoyle Fighter on Oct 16, 2021.
             Slain by a black bear (1 damage)
             ... on level 3 of the Dungeon.
             The game lasted 00:04:34 (2660 turns).

siradein the Covered (Gargoyle Fighter)             Turns: 2660, Time: 00:04:35

Health: 0/33       AC: 12    Str: 20    XL:     5   Next: 16%
Magic:  5/5        EV:  9    Int:  9    God:
Gold:   107        SH:  4    Dex:  9    Spells: 4/4 levels left

rFire   . . .      SeeInvis .   a - +0 long sword
rCold   . . .      Faith    .   c - +0 buckler
rNeg    + . .      Spirit   .   b - +0 scale mail
rPois   ∞          Reflect  .   h - +0 helmet
rElec   +          Harm     .   (no cloak)
rCorr   .          Rampage  .   (no gloves)
Will    .....                   (no boots)
Stlth   ..........              (no amulet)
HPRegen 0.11/turn               (no ring)
MPRegen 0.09/turn               (no ring)

@: no status effects
A: sickness immunity, AC +4, negative energy resistance 1, electricity
resistance, torment resistance 1, petrification resistance
a: no special abilities


You were on level 3 of the Dungeon.
You visited 1 branch of the dungeon, and saw 4 of its levels.

You collected 107 gold pieces.

Inventory:

Hand Weapons
 a - a +0 long sword (weapon)
Armour
 b - a +0 scale mail (worn)
 c - a +0 buckler (worn)
 h - a +0 helmet (worn)
Scrolls
 i - a scroll of torment {unknown}
 l - a scroll of enchant weapon {unknown}
 m - a scroll of identify {unknown}
 n - a scroll of immolation {unknown}
 o - a scroll of teleportation {unknown}
Potions
 d - a potion of might
 e - a potion of haste {unknown}
 f - a potion of curing {unknown}
 g - a potion of mutation {unknown}
 j - a potion of degeneration {unknown}
 k - a potion of invisibility {unknown}


   Skills:
 + Level 4.1 Fighting
 + Level 2.7 Long Blades
 + Level 4.2 Armour
 + Level 4.2 Shields


You had 4 spell levels left.
You didn't know any spells.
Your spell library was empty.

Dungeon Overview and Level Annotations

Branches:
Dungeon (4/15)
 Temple: D:4-7

Altars:


Innate Abilities, Weirdness & Mutations

You are immune to sickness and miasma.
Your stone body is resilient. (AC +4)
You are immune to poison.
You resist negative energy. (rN+)
You are resistant to electric shocks. (rElec)
You are resistant to unholy torment.
You are immune to petrification.


Message History

An ogre comes into view. It is wielding a +0 giant spiked club.
The ogre shouts!
A goblin comes into view. It is wielding a +0 dagger.
A scorpion comes into view.
The black bear bites you but does no damage.
The black bear misses you. You block the black bear's attack.
There is a stone staircase leading up here.
The black bear barely misses you. You block the black bear's attack.
The black bear claws you.
You climb upwards.
There is a stone staircase leading down here.
You barely miss the black bear. The black bear bites you.
You block the black bear's attack.
The black bear claws you but does no damage.
You slash the black bear!
The black bear is moderately wounded.
The black bear barely misses you. x2; The black bear closely misses you.
You slash the black bear!
The black bear is severely wounded.
The black bear goes berserk!
You closely miss the black bear.
The black bear is severely wounded.
The black bear bites you! You block the black bear's attack.
The black bear claws you but does no damage.
The black bear bites you.
The black bear claws you but does no damage. x2
The black bear bites you. The black bear claws you.
* * * LOW HITPOINT WARNING * * *
The black bear claws you but does no damage.
You hit the black bear but do no damage.
The black bear is severely wounded.
The black bear bites you!
* * * LOW HITPOINT WARNING * * *
The black bear claws you but does no damage. x2
The black bear bites you but does no damage.
The black bear claws you but does no damage. x2
You hit the black bear.
The black bear is severely wounded.
The black bear bites you.
You die...

##............#..........##.###
#)....(......#..........#.....
##...........#..........#.#.##
#.............>........#.#..<
#..##.#####.#..........#.####
##.##.##...............#.#..†
######.##.##.##............#.....
..##<......................###.##
#.#####.#.###.##@..........###.##
#.# #.#.....##h..............#.
#.#####.#.##..##.#...###########.
#.........#...##.#.#.###########.
########..######...#.........(...
.........>..........#############
....................#
....................#
..................[.#


You could see a black bear (berserk).

Vanquished Creatures
  A bullfrog skeleton (D:3)
  Robin (D:1)
  3 adders (D:2)
  A dart slug (D:1)
  4 ball pythons
  5 bats
  6 endoplasms
  A giant cockroach (D:2)
  15 goblins
  7 hobgoblins
  4 kobolds
  3 quokkas
  4 frilled lizards
  3 rats
58 creatures vanquished.

Notes
Turn   | Place    | Note
-------+----------+-------------------------------------------
     0 | D:1      | siradein the Gargoyle Fighter began the quest for the Orb.
     0 | D:1      | Reached XP level 1. HP: 14/14 MP: 1/1
   382 | D:1      | Reached XP level 2. HP: 14/19 MP: 2/2
   502 | D:1      | Found a faded altar of an unknown god.
  1105 | D:1      | Reached XP level 3. HP: 23/23 MP: 3/3
  1234 | D:2      | Noticed Robin
  1418 | D:1      | Killed Robin
  1419 | D:1      | Reached XP level 4. HP: 12/29 MP: 4/4
  2315 | D:3      | Reached XP level 5. HP: 30/33 MP: 5/5
  2628 | D:4      | Noticed a black bear
  2633 | D:4      | Noticed an ogre
  2659 | D:3      | HP: 1/33 [black bear (7)]
  2660 | D:3      | Slain by a black bear

Illustrated notes

Levels and vault maps discovered:
D:1:      amcnicky_arrival_single_pillar, layout_basic,
          shapermc_ecumenical_altar_flowoftime
D:2:      layout_rooms, uniq_robin
D:3:      layout_basic
D:4:      layout_basic, nemelex_xobeh_ov_fountains_minmay,
          minmay_temple_entry_tees, minmay_starry_boxes, uniq_edmund

Skill      XL: |  1  2  3  4 |
---------------+-------------+-----
Long Blades    | 2 |  2.7
Shields        | 4 |  4.2
Armour         | 4 |  4.2
Fighting       | 4 |  4.1

Action                   |  1- 3 |  4- 6 || total
-------------------------+-------+-------++-------
Melee: Long sword        |   114 |    74 ||   188
Armor: Scale mail        |    77 |    46 ||   123
Dodge: Dodged            |    55 |    38 ||    93
Block: Buckler           |    29 |    22 ||    51

Table legend: (Time is in decaauts)
 A = Elapsed time spent in this place.
 B = Non-inter-level travel time spent in this place.
 C = Inter-level travel time spent in this place.
 D = Time resting spent in this place.
 E = Time spent auto-exploring this place.
 F = Levels seen in this place.
 G = Mean time per level.
                   A        B        C        D        E       F      G
               +--------+--------+--------+--------+--------+-----+--------+
         Total |   2721 |   2618 |    103 |    278 |   1867 |   4 |  680.2 |
       Dungeon |   2721 |   2618 |    103 |    278 |   1867 |   4 |  680.2 |
               +--------+--------+--------+--------+--------+-----+--------+

Top non-repeatable levels by time:
     D:1: 1510 daAuts
     D:2: 680 daAuts
     D:3: 509 daAuts
     D:4: 21 daAuts
